 Dungeon Crawl Stone Soup version bcrawl-1.34.3 (webtiles) character file.

Game seed: 15798214395412971862

98970 KristoblXynda the Sneak (level 3, 0/24 HPs)
             Began as a Vampire Enchanter on Oct 13, 2021.
             Slain by Terence
             ... wielding a +0 short sword
              (4 damage)
             ... on level 2 of the Dungeon.
             The game lasted 00:03:32 (1582 turns).

KristoblXynda the Sneak (Vampire Enchanter)         Turns: 1582, Time: 00:03:33

Health: 0/24       AC:  2    Str: 12    XL:     3   Next: 30%
Magic:  0/6        EV: 12    Int: 15    God:
Gold:   38         SH:  0    Dex: 13    Spells: 3/6 levels left

rFire    . . .     SeeInvis +   g - +1 short sword (speed)
rCold    . . .     Gourm    .   (no shield)
rNeg     + . .     Faith    .   b - +0 robe
rPois    .         Spirit   .   (no helmet)
rElec    .         Reflect  .   (no cloak)
rCorr    .         Harm     .   (no gloves)
MR       .....                  (no boots)
Stlth    ++++......             (no amulet)
HPRegen  0.08/turn              (no ring)
MPRegen  0.10/turn              (no ring)

@: no status effects
A: claws 1, fangs 3, see invisible, unbreathing
a: no special abilities


You were on level 2 of the Dungeon.
You were not thirsty.

You visited 1 branch of the dungeon, and saw 2 of its levels.

You collected 38 gold pieces.

Inventory:

Hand Weapons
 a - a +1 dagger
 g - a +1 short sword of speed (weapon)
Armour
 b - a +0 robe (worn)
Scrolls
 d - 2 scrolls of fog
 i - a scroll of enchant armour {unknown}
 k - a scroll of remove curse {unknown}
Potions
 c - a potion of heal wounds {unknown}
 e - a potion of invisibility
 h - a potion of berserk rage {unknown}
 j - a potion of curing {unknown}
 q - 11 potions of blood


   Skills:
 + Level 2.2 Short Blades
 - Level 2.1 Dodging
 + Level 5.5 Stealth
 + Level 2.4 Spellcasting
 + Level 5.0 Hexes


You had 3 spell levels left.
You knew the following spells:

 Your Spells              Type           Power        Failure   Level  Hunger
a - Corona                Hex            ###....      2%          1    None
b - Ensorcelled Hibernat  Hex/Ice        #.....       12%         2    ##.....

Your spell library contained the following spells:

 Spells                   Type           Power        Failure   Level  Hunger
 Confuse                  Hex            ###.....     9%          3    ####...
 Tukima's Dance           Hex            ###.....     9%          3    ####...
 Dazzling Orbs            Conj/Hex       #......      22%         3    ####...
 Cause Fear               Hex            ###.......   26%         4    ######.


Dungeon Overview and Level Annotations

Branches:
Dungeon (2/12)

Altars:

Annotations:
D:2 Terence


Innate Abilities, Weirdness & Mutations

You have sharp fingernails.
You have razor-sharp teeth.
You have supernaturally acute eyesight. (SInv)
You can survive without breathing.


Message History

Confirm with . or Enter, or press ? or * to list all spells.
Aiming: Corona (safe; 2% risk of failure)
Press: ? - help, Shift-Dir - straight line, f/p - Terence
Aim: Terence, wielding a +0 short sword and wearing a +0 scale mail (heavily wounded, chance to defeat MR: 62%) Terence is outlined in light.
Terence screams, "I'm going to kill you!"
Terence hits you but does no damage.
You hit Terence but do no damage.
Terence is heavily wounded.
Terence hits you with a +0 short sword.
You hit Terence but do no damage. You bite Terence, but do no damage.
Terence is heavily wounded.
You hit Terence.
Terence is severely wounded.
Terence hits you with a +0 short sword!
* * * LOW HITPOINT WARNING * * *
You hit Terence.
Terence is almost dead.
Terence hits you with a +0 short sword.
You die...

##.####..#
#....<@..#####
##.#####.....#
+..# #####.#
+..# #.# ####
#.#
#######.####
........@..#
.######@##.#
#.##.#
.######.##.#
........##.#
.##.##...#.# #
#.#.....(#
#.##........#
#...........#
####........#


You could see Terence.

Vanquished Creatures
  A worm (D:2)
  2 dart slugs (D:1)
  4 leopard geckos
  An orc (D:2)
  A giant cockroach (D:2)
  3 hobgoblins
  2 jackals (D:2)
  5 kobolds
  3 bats (D:1)
  7 rats
29 creatures vanquished.

Notes
Turn   | Place    | Note
-------+----------+-------------------------------------------
     0 | D:1      | KristoblXynda the Vampire Enchanter began the quest for the
                  | Orb.
     0 | D:1      | Reached XP level 1. HP: 13/13 MP: 3/3
    79 | D:1      | Reached skill level 5 in Stealth
   264 | D:1      | Reached XP level 2. HP: 10/19 MP: 5/5
  1024 | D:2      | Noticed Terence
  1078 | D:1      | Learned a level 2 spell: Ensorcelled Hibernation
  1355 | D:2      | Reached XP level 3. HP: 24/24 MP: 6/6
  1421 | D:2      | Reached skill level 5 in Hexes
  1582 | D:2      | Slain by Terence

Skill      XL: |  1  2  3 |
---------------+----------+-----
Stealth        | 5 |  5.5
Short Blades   | 2 |  2.2
Hexes          | 5 |  5.0
Dodging        | |  2.1
Spellcasting   | |  2.4

Action                   || total
-------------------------++-------
Melee: Dagger            ||    21
       Bite              ||    10
       Short sword       ||    50
 Cast: Corona            ||     4
       Ensorcelled Hiber ||     4
  Use: Potion            ||     3
       Scroll            ||     1
 Stab: Sleeping          ||    15
       Distracted        ||     1
Armor: Robe              ||    10
Dodge: Dodged            ||    19
